 Dungeon Crawl Stone Soup version 0.30-a0-722-g3e6e8c874d (webtiles) character file.

Game seed: 10508271779874378263

1556 Dittersdorf the Covered (level 8, -3/52 HPs)
             Began as a Gargoyle Fighter on Jan 27, 2023.
             Was a Believer of Okawaru.
             Killed by divine providence
             ... invoked by an orc priest
              (16 damage)
             ... on level 7 of the Dungeon.
             The game lasted 00:07:33 (6172 turns).

Dittersdorf the Covered (Gargoyle Fighter)          Turns: 6172, Time: 00:07:34

Health: -3/52      AC: 22    Str: 23    XL:     8   Next: 88%
Magic:  17/17      EV:  6    Int:  8    God:    Okawaru [**....]
Gold:   1305       SH:  5    Dex:  9    Spells: 7/7 levels left

rFire   . . .      SeeInvis .    d - +0 morningstar
rCold   . . .      Faith    .    c - +0 buckler
rNeg    + . .      Spirit   .    y - +0 plate armour
rPois   ∞          Reflect  .    (no helmet)
rElec   +          Harm     .    (no cloak)
rCorr   .          Rampage  .    n - +0 pair of gloves
Will    .....                    o - +1 pair of boots Stlth
                                 (no amulet)
HPRegen 0.28/turn                f - ring of magical power
MPRegen 0.15/turn                h - ring of wizardry

@: no status effects
A: sickness immunity, AC +5, negative energy resistance 1, electricity
resistance, torment resistance 1, petrification resistance
a: Renounce Religion, Heroism


You were on level 7 of the Dungeon.
You worshipped Okawaru.
Okawaru was pleased with you.
You visited 1 branch of the dungeon, and saw 7 of its levels.

You collected 1305 gold pieces.

Inventory:

Hand Weapons
 d - a +0 morningstar (weapon)
Armour
 c - a +0 buckler (worn)
 n - a +0 pair of gloves (worn)
 o - a +1 pair of boots (worn)
 y - a +0 plate armour (worn)
Jewellery
 f - a ring of magical power (left hand)
 h - a ring of wizardry (right hand)
Wands
 x - a wand of flame (8)
Scrolls
 a - a scroll of fog {unknown}
 b - 2 scrolls of teleportation {unknown}
 e - 2 scrolls of brand weapon {unknown}
 g - a scroll of fear {unknown}
 k - a scroll of amnesia {unknown}
 q - 2 scrolls of vulnerability {unknown}
 t - 2 scrolls of enchant armour {unknown}
 v - a scroll of magic mapping
 w - a scroll of enchant weapon {unknown}
Potions
 i - a potion of mutation
 j - 2 potions of heal wounds
 l - 3 potions of brilliance
 m - 4 potions of curing
 p - 2 potions of flight
 r - 2 potions of haste


   Skills:
 + Level 6.7 Fighting
 + Level 5.6 Maces & Flails
 + Level 6.8 Armour
 + Level 6.8 Shields


You had 7 spell levels left.
You didn't know any spells.
Your spell library contained the following spells:

 Spells                   Type           Power      Damage    Failure   Level
 Beastly Appendage        Tmut           0%         N/A       96%         1
 Magic Dart               Conj           0%         1d3       96%         1
 Blink                    Tloc           0%         N/A       99%         2
 Lesser Beckoning         Tloc           0%         N/A       99%         2
 Momentum Strike          Conj/Tloc      0%         3d8       99%         2
 Searing Ray              Conj           0%         2d4       99%         2
 Static Discharge         Conj/Air       0%         2-2/arc   99%         2
 Wereblood                Tmut           0%         N/A       99%         2
 Gell's Gravitas          Tloc           0%         N/A       100%        3
 Ignite Poison            Fire/Tmut/Pois 0%         N/A       100%        3
 Kindle Blastsparks       Fire/Tloc/Air  0%         2d10      100%        3
 Mephitic Cloud           Conj/Pois/Air  0%         N/A       100%        3
 Spider Form              Tmut/Pois      0%         N/A       100%        3
 Teleport Other           Tloc           0%         N/A       100%        3
 Vhi's Electric Charge    Tloc/Air       0%         N/A       100%        3
 Fulminant Prism          Conj/Hex       0%         3d5       100%        4
 Petrify                  Tmut/Erth      0%         N/A       100%        4
 Arcjolt                  Conj/Air       0%         1d10      100%        5
 Freezing Cloud           Conj/Ice/Air   0%         6-21      100%        5
 Lightning Bolt           Conj/Air       0%         1d11      100%        5
 Metabolic Englaciation   Hex/Ice        0%         N/A       100%        5
 Dispersal                Tloc           0%         N/A       100%        6
 Maxwell's Capacitive Co  Air            0%         ∞         100%        8
 Call Imp                 Summ           Unusable   N/A       N/A         2
 Statue Form              Tmut/Erth      Unusable   N/A       N/A         6

Dungeon Overview and Level Annotations

Branches:
Dungeon (7/15)             Temple (0/1) D:5

Altars:
Fedhas
Nemelex Xobeh
Okawaru
Xom

Shops:
D:4 :


Innate Abilities, Weirdness & Mutations

You are immune to sickness and miasma.
Your stone body is resilient. (AC +5)
You are immune to poison.
You resist negative energy. (rN+)
You are resistant to electric shocks. (rElec)
You are resistant to unholy torment.
You are immune to petrification.


Message History

Something writhes in agony.
Reactivating autopickup.
You block the orc priest's attack.
You barely miss the orc priest.
The orc priest is moderately wounded.
The orc priest hits you but does no damage.
An orc comes into view. It is wielding a +0 dagger.
An orc comes into view. It is wielding a +0 hand axe.
You barely miss the orc priest.
The orc priest is moderately wounded.
The orc shouts!
A necrophage comes into view.
An orc comes into view. It is wielding a +0 mace.
You block the orc's attack.
The orc priest hits you with a +0 flail.
You closely miss the orc priest.
The orc priest is lightly wounded.
The orc hits you but does no damage.
The orc priest hits you with a +0 flail.
The orc priest hits you but does no damage.
The orc hits you but does no damage.
You puncture the orc priest!
The orc priest is almost dead.
The orc priest hits you but does no damage.
The orc hits you but does no damage.
You sock the orc priest!
You kill the orc priest!
Okawaru accepts your kill. The orc hits you but does no damage.
The orc priest casts a cantrip, but nothing happens.
The orc attacks as you move away! You block the orc's attack.
The orc attacks as you move away! You block the orc's attack.
The orc attacks as you move away! The orc hits you but does no damage.
The orc priest calls down the wrath of Beogh upon you.
Beogh smites you! The orc attacks as you move away!
The orc hits you with a +0 whip.
* * * LOW HITPOINT WARNING * * *
The orc priest mumbles some strange prayers to Beogh against you.
Beogh smites you!
You die...

.. ......#....# # #.
#...##...###+###
..##.####...##...##.....
........................
........................
.................>......
........................
...####.##..#######.....
####@######..###.....
#....o.o......#......
#.........o...#......
#..........n..#).....
#.............'on....
##...###.....###...##
##+#####.....### ..#
#..............# ...
#..............# ..


You could see a necrophage, an orc priest and 2 orcs.

Vanquished Creatures
  2 water moccasins
  A sky beast (D:6)
  An orc warrior (D:7)
  2 ogres
  A centaur (D:5)
  2 phantoms
  A necrophage (D:5)
  2 scorpions
  2 wights
  A hound (D:7)
  A gnoll bouda (D:5)
  2 orc priests
  An iguana (D:4)
  4 orc wizards
  6 adders
  7 gnolls
  A white imp (D:6)
  3 worms
  2 dart slugs
  17 orcs
  13 endoplasms
  4 giant cockroaches
  6 goblins
  6 hobgoblins
  4 jackals (D:2)
  6 kobolds
  2 quokkas
  5 ball pythons
  6 bats
  2 frilled lizards
  6 rats
119 creatures vanquished.

Vanquished Creatures (others)
  An orc wizard (D:7)
1 creature vanquished.

Grand Total: 120 creatures vanquished

Notes
Turn   | Place    | Note
-------+----------+-------------------------------------------
     0 | D:1      | Dittersdorf the Gargoyle Fighter began the quest for the
                  | Orb.
     0 | D:1      | Reached XP level 1. HP: 14/14 MP: 1/1
   305 | D:1      | Reached XP level 2. HP: 14/19 MP: 2/2
   740 | D:1      | Reached XP level 3. HP: 23/23 MP: 3/3
   996 | D:2      | Found a sparkling altar of Nemelex Xobeh.
  1437 | D:2      | Reached XP level 4. HP: 26/29 MP: 4/4
  2021 | D:3      | Found a faded altar of an unknown god.
  2729 | D:4      | Reached XP level 5. HP: 28/33 MP: 5/5
  2958 | D:4      | Noticed a water moccasin
  2987 | D:4      | Killed a water moccasin
  2988 | D:4      | Reached XP level 6. HP: 19/39 MP: 6/6
  3328 | D:4      | Found Gownit's Book Shoppe.
  3354 | D:4      | Found an iron altar of Okawaru.
  3359 | D:4      | Became a worshipper of Warmaster Okawaru
  3497 | D:5      | Entered Level 5 of the Dungeon
  3535 | D:5      | Reached skill level 5 in Armour
  3535 | D:5      | Reached skill level 5 in Shields
  3653 | D:5      | Reached skill level 5 in Fighting
  3653 | D:5      | Reached XP level 7. HP: 37/44 MP: 7/7
  3678 | D:5      | Found a staircase to the Ecumenical Temple.
  3873 | D:5      | Found a blossoming altar of Fedhas.
  4088 | D:5      | Reached * piety under Okawaru
  4246 | D:5      | Identified a scroll of acquirement
  4247 | D:5      | Acquired 851 gold pieces
  4667 | D:4      | Reached XP level 8. HP: 7/51 MP: 8/8
  4965 | D:6      | Reached skill level 5 in Maces & Flails
  5522 | D:6      | Found a shimmering altar of Xom.
  6018 | D:7      | Reached ** piety under Okawaru
  6172 | D:7      | Killed from afar by an orc priest

Illustrated notes

Levels and vault maps discovered:
D:1:      dpeg_cavernosity, layout_basic, hangedman_decor_clover_reticule
D:2:      layout_basic, basic_altar, minmay_cut_off
D:3:      layout_loops_corners, shapermc_ecumenical_altar_mp_ritualfount
D:4:      layout_loops_ring, lemuel_doored_altar, serial_shops,
          nicolae_shop_behind_doors, chequers_garden, minmay_starry_boxes
D:5:      layout_loops_ring, fedhas_ov_isle_minmay, minmay_temple_entry_grid
D:6:      layout_gridville, brannock_xom_greatest_gift,
          minmay_tree_intersection, minmay_misc_feat_x, grunt_ministairs_14,
          grunt_decor_cap
D:7:      layout_gridville, nicolae_titane

Skill      XL: |  1  2  3  4  5  6  7  8 |
---------------+-------------------------+-----
Shields        | 4 5 6 |  6.8
Armour         | 4 5 6 |  6.8
Fighting       | 4 5 6 |  6.7
Maces & Flails | 3 4 5 |  5.6

Action                     |  1- 3 |  4- 6 |  7- 9 || total
---------------------------+-------+-------+-------++-------
  Melee: Flail             |   125 |   154 |   153 ||   432
         Morningstar       |       |       |   123 ||   123
 Invoke: Heroism           |       |       |     1 ||     1
    Use: Scroll            |       |    10 |     3 ||    13
         Potion            |       |       |     1 ||     1
 Armour: Scale mail        |    92 |    28 |       ||   120
         Chain mail        |       |    82 |   240 ||   322
         Plate armour      |       |       |    21 ||    21
  Dodge: Dodged            |    82 |    63 |    95 ||   240
  Block: Buckler           |    28 |    33 |    61 ||   122

Table legend: (Time is in decaauts)
 A = Elapsed time spent in this place.
 B = Non-inter-level travel time spent in this place.
 C = Inter-level travel time spent in this place.
 D = Time resting spent in this place.
 E = Time spent auto-exploring this place.
 F = Levels seen in this place.
 G = Mean time per level.
                   A        B        C        D        E       F      G
               +--------+--------+--------+--------+--------+-----+--------+
         Total |   6317 |   6042 |    275 |   1009 |   3813 |   7 |  902.4 |
       Dungeon |   6317 |   6042 |    275 |   1009 |   3813 |   7 |  902.4 |
               +--------+--------+--------+--------+--------+-----+--------+

Top non-repeatable levels by time:
     D:5: 1237 daAuts
     D:4: 1092 daAuts
     D:3: 1019 daAuts
     D:6: 1000 daAuts
     D:1: 936 daAuts
     D:2: 713 daAuts
     D:7: 317 daAuts
